 Dungeon Crawl Stone Soup version 0.27-a0-1065-ge809cff456 (webtiles) character file.

Game seed: 17038221333388798483

10 flotson the Covert (level 2, -1/29 HPs)
             Began as a Gnoll Delver on Apr 22, 2021.
             Slain by a hound (4 damage)
             ... on level 5 of the Dungeon.
             The game lasted 00:01:21 (696 turns).

flotson the Covert (Gnoll Delver)                    Turns: 696, Time: 00:01:22

Health: -1/29      AC:  3    Str: 11    XL:     2   Next: 20%
Magic:  2/2        EV: 13    Int:  9    God:
Gold:   22         SH:  0    Dex: 13    Spells: 1/1 levels left

rFire    . . .     SeeInvis .   a - +0 hand axe
rCold    . . .     Faith    .   (no shield)
rNeg     . . .     Spirit   .   b - +0 leather armour
rPois    .         Reflect  .   (no helmet)
rElec    .         Harm     .   (no cloak)
rCorr    .         Rampage  .   (no gloves)
Will     .....                  (no boots)
Stlth    ++++......             (no amulet)
HPRegen  0.09/turn              (no ring)
MPRegen  0.08/turn              (no ring)

@: no status effects
A: fangs 1, strong nose, distributed training
a: no special abilities


You were on level 5 of the Dungeon.
You visited 1 branch of the dungeon, and saw 2 of its levels.

You collected 22 gold pieces.

Inventory:

Hand Weapons
 a - a +0 hand axe (weapon)
Missiles
 i - 25 bolts
Armour
 b - a +0 leather armour (worn)
Wands
 g - a wand of digging (3)
Scrolls
 c - a scroll of fog
 d - a scroll of magic mapping
Potions
 e - 2 potions of invisibility {unknown}
 f - a potion of haste
 h - a potion of brilliance {unknown}


   Skills:
 + Level 6.4 Fighting
 + Level 0.3 Short Blades
 + Level 0.3 Long Blades
 + Level 4.4 Axes
 + Level 0.3 Maces & Flails
 + Level 0.3 Polearms
 + Level 0.3 Staves
 + Level 0.3 Slings
 + Level 0.3 Bows
 + Level 0.3 Crossbows
 + Level 0.3 Throwing
 + Level 0.3 Armour
 + Level 4.4 Dodging
 + Level 9.5 Stealth
 + Level 0.3 Shields
 + Level 0.3 Unarmed Combat
 + Level 0.3 Spellcasting
 + Level 0.2 Conjurations
 + Level 0.2 Hexes
 + Level 0.2 Summonings
 + Level 0.2 Necromancy
 + Level 0.2 Translocations
 + Level 0.2 Transmutations
 + Level 0.2 Fire Magic
 + Level 0.2 Ice Magic
 + Level 0.2 Air Magic
 + Level 0.2 Earth Magic
 + Level 0.2 Poison Magic
 + Level 0.4 Invocations
 + Level 0.3 Evocations


You had one spell level left.
You didn't know any spells.
Your spell library was empty.

Dungeon Overview and Level Annotations

Branches:
Dungeon (5/15)
 Temple: D:4-7

Altars:

Shops:
D:5 [


Innate Abilities, Weirdness & Mutations

You have very sharp teeth.
Your uncanny sense of smell can sniff out nearby items.
Your experience applies equally to all skills.


Message History

You climb upwards.
The hound closely misses you.
You hear a distant slurping noise.
The hound closely misses you.
There is a stone staircase leading down here.
There are monsters nearby!
The hound bites you.
You climb downwards.
There is a stone staircase leading up here.
You barely miss the hound. The hound bites you. x2
You hit the hound.
The hound is lightly wounded.
The hound closely misses you.
You hit the hound.
The hound is moderately wounded.
The hound bites you but does no damage. The hound bites you.
You hit the hound.
The hound is heavily wounded.
The hound closely misses you.
You closely miss the hound.
The hound is heavily wounded.
The hound barely misses you. The hound bites you.
* * * LOW HITPOINT WARNING * * *
You hit the hound.
The hound is heavily wounded.
The hound bites you.
* * * LOW HITPOINT WARNING * * *
The hound completely misses you.
You closely miss the hound.
The hound is heavily wounded.
The hound closely misses you.
You hit the hound. Your bite misses the hound.
The hound is severely wounded.
The hound bites you.
* * * LOW HITPOINT WARNING * * *
The hound bites you.
* * * LOW HITPOINT WARNING * * *
You hit the hound.
The hound is almost dead.
The hound closely misses you. The hound bites you.
You die...

.# #.# #............# .# #.#
#.##.###..##.# .# ##'## #.##.#
#..##.# .###### ##...##
#.##.###..##.# ......#
##.....###.##......##<# ..#.#.#
##.......##.##..###.##.#
......###.........#.##...##.##.#
.#......'.........'.......#.##.#
......###.......@.#..>.........#
..#.#.# ##.....h.######.########
..###.# ##.....## #.# ......#
##...## #.# #.##### ##'## #.#
#.# #.# #.# #.## ######.# #.#
...#####...##.## #.#
...........#...## #.#


You could see a hound.

Vanquished Creatures
  An adder (D:5)
  A quokka (D:5)
2 creatures vanquished.

Notes
Turn   | Place    | Note
-------+----------+-------------------------------------------
     0 | D:5      | Reached skill level 9 in Stealth
     0 | D:5      | flotson the Gnoll Delver began the quest for the Orb.
     0 | D:5      | Reached XP level 1. HP: 23/23 MP: 1/1
    53 | D:5      | Noticed an iguana
   163 | D:5      | Noticed a hound
   379 | D:5      | Reached XP level 2. HP: 23/29 MP: 2/2
   545 | D:5      | Found Diniote's Armour Emporium.
   696 | D:5      | Slain by a hound

Illustrated notes

Levels and vault maps discovered:
D:4:      layout_loops_corners, lemuel_coloured_pillars_altar,
          uniq_crazy_yiuf_cottage
D:5:      layout_loops_corners, minmay_overflow_temple_star_hex,
          gammafunk_temple_overflow_elements, serial_shops, shop

Skill      XL: | |
---------------+-+-----
Stealth        | |  9.5
Fighting       | |  6.4
Short Blades   | |  0.3
Long Blades    | |  0.3
Axes           | |  4.4
Maces & Flails | |  0.3
Polearms       | |  0.3
Staves         | |  0.3
Slings         | |  0.3
Bows           | |  0.3
Crossbows      | |  0.3
Throwing       | |  0.3
Armour         | |  0.3
Dodging        | |  4.4
Shields        | |  0.3
Unarmed Combat | |  0.3
Spellcasting   | |  0.3
Conjurations   | |  0.2
Hexes          | |  0.2
Summonings     | |  0.2
Necromancy     | |  0.2
Translocations | |  0.2
Transmutations | |  0.2
Fire Magic     | |  0.2
Ice Magic      | |  0.2
Air Magic      | |  0.2
Earth Magic    | |  0.2
Poison Magic   | |  0.2
Invocations    | |  0.4
Evocations     | |  0.3

Action                   || total
-------------------------++-------
Melee: Hand axe          ||    21
       Bite              ||     1
  Use: Scroll            ||     1
 Stab: Sleeping          ||     2
Armor: Leather armour    ||     4
Dodge: Dodged            ||    24

Table legend: (Time is in decaauts)
 A = Elapsed time spent in this place.
 B = Non-inter-level travel time spent in this place.
 C = Inter-level travel time spent in this place.
 D = Time resting spent in this place.
 E = Time spent auto-exploring this place.
 F = Levels seen in this place.
 G = Mean time per level.
                   A        B        C        D        E       F      G
               +--------+--------+--------+--------+--------+-----+--------+
         Total |    699 |    681 |     18 |    234 |    276 |   2 |  349.5 |
       Dungeon |    699 |    681 |     18 |    234 |    276 |   2 |  349.5 |
               +--------+--------+--------+--------+--------+-----+--------+

Top non-repeatable levels by time:
     D:5: 693 daAuts
     D:4: 5 daAuts
